 Dungeon Crawl Stone Soup version 0.29.1-2-gbd0b4ee654 (webtiles) character file.

Game seed: 95119501975955762

219 MrSixtyFour the Magician (level 5, -10/24 HPs)
             Began as a Spriggan Venom Mage on Nov 25, 2022.
             Mangled by a yak (12 damage)
             ... on level 4 of the Dungeon.
             The game lasted 00:11:35 (3122 turns).

MrSixtyFour the Magician (Spriggan Venom Mage)      Turns: 3122, Time: 00:11:37

Health: -10/24     AC:  2    Str:  4    XL:     5   Next: 64%
Magic:  13/13      EV: 18    Int: 18    God:
Gold:   153        SH:  0    Dex: 16    Spells: 13/14 levels left

rFire   . . .      SeeInvis +   d - +0 sling
rCold   . . .      Faith    .   (no shield)
rNeg    . . .      Spirit   .   a - +0 robe
rPois   .          Reflect  .   (helmet restricted)
rElec   .          Harm     .   (no cloak)
rCorr   .          Rampage  .   (gloves unavailable)
Will    .....                   (boots unavailable)
Stlth   +++.......              (no amulet)
HPRegen 0.08/turn               (no ring)
MPRegen 0.13/turn               (no ring)

@: lethally poisoned (-10 -> -21), very quick
A: very small, no large weapons, unfitting armour, see invisible, speed 3
a: no special abilities


You were on level 4 of the Dungeon.
You visited 1 branch of the dungeon, and saw 4 of its levels.

You collected 153 gold pieces.

Inventory:

Hand Weapons
 c - a +0 dagger
 d - a +0 sling (weapon)
Missiles
 f - 27 stones
Armour
 a - a +0 robe (worn)
Scrolls
 e - a scroll of silence {unknown}
 h - 2 scrolls of brand weapon {unknown}
 i - 2 scrolls of immolation {unknown}
 j - 2 scrolls of torment {unknown}
 k - a scroll of vulnerability {unknown}
 n - a scroll of identify {unknown}
 o - a scroll of fear {unknown}
 p - a scroll of enchant weapon {unknown}
 q - a scroll of teleportation {unknown}
Potions
 b - a potion of magic
 g - 3 potions of flight {unknown}
 l - 2 potions of invisibility {unknown}
 m - a potion of might {unknown}


   Skills:
 + Level 0.2 Fighting
 - Level 0.4 Short Blades
 + Level 3.2 Dodging
 + Level 4.6 Stealth
 + Level 5.1 Spellcasting
 - Level 2.2 Transmutations
 + Level 4.1 Poison Magic


You had 13 spell levels left.
You knew the following spells:

 Your Spells              Type           Power      Damage    Failure   Level
a - Sting                 Tmut/Pois      64%        1d6       3%          1

Your spell library contained the following spells:

 Spells                   Type           Power      Damage    Failure   Level
 Poisonous Vapours        Pois/Air       24%        N/A       9%          2
 Mephitic Cloud           Conj/Pois/Air  9%         N/A       22%         3
 Olgreb's Toxic Radiance  Pois           19%        N/A       24%         4
 Fireball                 Conj/Fire      2%         3d4       98%         5
 Iskenderun's Battlesphe  Conj           4%         2d6       98%         5
 Conjure Ball Lightning   Conj/Air       2%         3x3d6     100%        6
 Orb of Destruction       Conj           2%         9d5       100%        7


Dungeon Overview and Level Annotations

Branches:
Dungeon (4/15)
 Temple: D:4-7

Altars:
Vehumet
Zin
The Shining One

Annotations:
D:4 Menkaure


Innate Abilities, Weirdness & Mutations

You are very small and have problems with some larger weapons.
You are too small for most types of armour.
You have supernaturally acute eyesight. (SInv)
You cover ground extremely quickly. (Speed+++)


Message History

Aiming: Sting (safe; 4% risk of failure)
Press: ? - help, Q - select action, (/) - cycle Shift-Dir - straight line, f/p - yak
Aim: a yak (moderately wounded, very poisoned, 83% to hit)
The sting hits the yak.
The yak looks even sicker.
The yak is heavily wounded.
Aiming: Sting (safe; 4% risk of failure)
Press: ? - help, Q - select action, (/) - cycle Shift-Dir - straight line, f/p - yak
Aim: a yak (severely wounded, very poisoned, 83% to hit)
The sting hits the yak.
The yak looks even sicker.
The yak is almost dead.
You kill the yak!
Your Stealth skill increases to level 4!
Your Spellcasting skill increases to level 5!
Your Poison Magic skill increases to level 4!
You have reached level 5!
You feel agile.
You start resting.
Magic restored.
You start resting.
HP restored.
You see here a yak corpse.
d - a +0 sling (weapon)
Okay, then.
Done exploring.
There is a stone staircase leading down here.
You climb downwards.
Level annotation: Menkaure The adder bites you but does no damage.
The ogre completely misses you. The yak gores you!
Ouch! That really hurt!
The yak misses you. The adder bites you but does no damage.
There is a stone staircase leading up, spattered with blood here.
The scorpion stings you.
* * * LOW HITPOINT WARNING * * *
You are lethally poisoned!
The scorpion poisons you! The adder bites you.
* * * LOW HITPOINT WARNING * * *
The yak completely misses you. The yak gores you!
Ouch! That really hurt!
You die...

#. #...........#
.##########...# #
##.#### .
#.....#####.#
#.###........
#.#..........
#.#.#........
###.#.#.S####.. .
?.....Y@O.####..#
......Y.s........
###.#.#....#....#
#.#.#..........
#.#..#/_.#..#
............#
#####...#...##
#.$.....# #####
###


You could see 2 yaks, an ogre, a scorpion and an adder.

Vanquished Creatures
  A yak (D:3)
  3 adders (D:2)
  3 dart slugs
  An orc (D:3)
  2 bats
  An endoplasm (D:2)
  3 giant cockroaches
  4 goblins
  5 hobgoblins
  2 quokkas
  A ball python (D:2)
  6 frilled lizards
  4 kobolds
  4 rats
40 creatures vanquished.

Notes
Turn   | Place    | Note
-------+----------+-------------------------------------------
     0 | D:1      | MrSixtyFour the Spriggan Venom Mage began the quest for the
                  | Orb.
     0 | D:1      | Reached XP level 1. HP: 9/9 MP: 5/5
   222 | D:1      | Reached skill level 3 in Spellcasting
   677 | D:1      | Reached XP level 2. HP: 13/13 MP: 7/7
  1254 | D:1      | Found a faded altar of an unknown god.
  1670 | D:2      | Reached XP level 3. HP: 16/16 MP: 5/9
  2119 | D:3      | Reached skill level 4 in Spellcasting
  2513 | D:3      | Reached XP level 4. HP: 21/21 MP: 11/11
  2584 | D:3      | Found a glowing silver altar of Zin.
  2585 | D:3      | Found a glowing golden altar of the Shining One.
  2761 | D:4      | Noticed an ogre
  2761 | D:4      | Found a radiant altar of Vehumet.
  2762 | D:4      | Noticed a scorpion
  2845 | D:4      | Noticed Menkaure
  2923 | D:4      | Noticed a yak
  2923 | D:4      | Noticed a yak
  2925 | D:4      | Noticed a yak
  2973 | D:3      | Killed a yak
  2974 | D:3      | Reached skill level 5 in Spellcasting
  2974 | D:3      | Reached XP level 5. HP: 15/24 MP: 7/13
  3122 | D:4      | Mangled by a yak

Illustrated notes

Levels and vault maps discovered:
D:1:      dpeg_arrival_stone_temple_mockup, layout_basic,
          shapermc_ecumenical_altar_mp_highgroup
D:2:      layout_rooms, uniq_crazy_yiuf_cottage
D:3:      layout_basic, gammafunk_temple_overflow_statue
D:4:      layout_loops_ring, vehumet_altar_wand_db, uniq_menkaure

Skill      XL: |  1  2  3  4 |
---------------+-------------+-----
Spellcasting   | 3 4 5 |  5.1
Dodging        | 3 |  3.2
Transmutations | 2 |  2.2
Stealth        | 4 |  4.6
Poison Magic   | 4 |  4.1
Fighting       | |  0.2
Short Blades   | |  0.4

Action                   |  1- 3 |  4- 6 || total
-------------------------+-------+-------++-------
Melee: Dagger            |    14 |       ||    14
 Cast: Sting             |    47 |    12 ||    59
 Stab: Sleeping          |     4 |       ||     4
       Distracted        |     1 |       ||     1
Armor: Robe              |     1 |     4 ||     5
Dodge: Dodged            |    15 |     8 ||    23
